 Dungeon Crawl Stone Soup version 0.29.1-12-g30fa7ad0bf (webtiles) character file.

Game seed: 1484379875360325390

303 wingedge the Trooper (level 6, -7/58 HPs)
             Began as a Hill Orc Fighter on Jan 8, 2023.
             Mangled by an ogre
             ... wielding a +0 giant spiked club
              (17 damage)
             ... on level 4 of the Dungeon.
             The game lasted 00:09:06 (3808 turns).

wingedge the Trooper (Hill Orc Fighter)             Turns: 3808, Time: 00:09:06

Health: -7/58      AC:  9    Str: 19    XL:     6   Next: 38%
Magic:  6/6        EV:  7    Int:  8    God:
Gold:   214        SH:  4    Dex: 12    Spells: 5/5 levels left

rFire   . . .      SeeInvis .   a - +0 war axe
rCold   . . .      Faith    .   c - +0 buckler
rNeg    . . .      Spirit   .   u - +0 chain mail
rPois   .          Reflect  .   (no helmet)
rElec   .          Harm     .   (no cloak)
rCorr   .          Rampage  .   (no gloves)
Will    +....                   (no boots)
Stlth   ..........              (no amulet)
HPRegen 0.19/turn               f - ring of willpower
MPRegen 0.10/turn               (no ring)

@: no status effects
A: no striking features
a: no special abilities


You were on level 4 of the Dungeon.
You visited 1 branch of the dungeon, and saw 4 of its levels.

You collected 214 gold pieces.

Inventory:

Hand Weapons
 a - a +0 war axe (weapon)
Armour
 b - a +0 scale mail
 c - a +0 buckler (worn)
 r - a +0 plate armour
 u - a +0 chain mail (worn)
Jewellery
 f - a ring of willpower (left hand)
Scrolls
 g - a scroll of summoning
 h - 2 scrolls of immolation
 j - a scroll of fog
 m - 2 scrolls of teleportation
 n - a scroll of amnesia {unknown}
 s - a scroll of silence {unknown}
 w - 2 scrolls of fear {unknown}
 x - a scroll of poison {unknown}
Potions
 d - a potion of might
 i - 2 potions of invisibility {unknown}
 k - 3 potions of curing
 l - 4 potions of flight {unknown}
 p - a potion of berserk rage {unknown}
 q - a potion of resistance {unknown}
 t - 2 potions of brilliance {unknown}
 v - a potion of heal wounds {unknown}


   Skills:
 + Level 6.8 Fighting
 - Level 3.0 Axes
 + Level 2.9 Throwing
 - Level 3.2 Armour
 - Level 1.0 Dodging
 - Level 3.2 Shields


You had 5 spell levels left.
You didn't know any spells.
Your spell library contained the following spells:

 Spells                   Type           Power      Damage    Failure   Level
 Frozen Ramparts          Ice            0%         1d1       100%        3
 Ice Form                 Ice/Tmut       0%         N/A       100%        4
 Summon Ice Beast         Ice/Summ       0%         N/A       100%        4


Dungeon Overview and Level Annotations

Branches:
Dungeon (4/15)
 Temple: D:4-7

Altars:
Nemelex Xobeh

Shops:
D:1 *   D:3 (


Message History

j - a scroll of fog A giant cockroach is nearby!
You hit the giant cockroach.
The giant cockroach is almost dead.
The giant cockroach bites you but does no damage. x2
You barely miss the giant cockroach.
The giant cockroach is almost dead.
The giant cockroach bites you.
You hit the giant cockroach.
You kill the giant cockroach!
You see here a giant cockroach corpse.
An ogre comes into view. It is wielding a +0 giant spiked club.
The ogre shouts!
Throw: 2 javelins
Press: ? - help, Q - select action Shift-Dir - straight line, f - ogre
Aim: an ogre, wielding a +0 giant spiked club (76% to hit)
You throw a javelin. The javelin closely misses the ogre.
The ogre hits you with a +0 giant spiked club!
Throw: javelin
Press: ? - help, Q - select action Shift-Dir - straight line, f/p - ogre
Aim: an ogre, wielding a +0 giant spiked club (76% to hit)
You throw a javelin. The javelin pierces through the ogre.
The ogre is lightly wounded.
The ogre closely misses you.
You hit the ogre.
The ogre is moderately wounded.
The ogre hits you with a +0 giant spiked club!
Sorry, you're not good enough to have a special ability.
Unknown command.
You barely miss the ogre.
The ogre is moderately wounded.
You hit the ogre but do no damage.
The ogre is moderately wounded.
The ogre hits you with a +0 giant spiked club!!
* * * LOW HITPOINT WARNING * * *
Okay, then.
As you read the scroll of summoning, it crumbles to dust.
Wisps of shadow whirl around you...
The ogre hits you with a +0 giant spiked club!
You die...

..
##.###..).....#.#
#.....#...###.#.#
##+###.##.##
#.... #~~~##.##.#
#.#.# #
+~~~'..##.# #....
#.#~~~##.##.#
#.#.#
#.##'###.##.#
#....
#..#†###.##.#
##### #g@B....#
#O####### #( #.
#. #. #. #.


You could see an ogre (ally target), a friendly giant cockroach (summoned) and a
friendly hobgoblin (summoned).

Vanquished Creatures
  A scorpion (D:4)
  An orc priest (D:4)
  Natasha (D:3)
  An iguana (D:3)
  An orc wizard (D:4)
  3 adders (D:2)
  2 worms
  8 dart slugs
  2 orcs (D:3)
  5 endoplasms
  2 giant cockroaches
  8 goblins
  5 hobgoblins
  5 jackals
  11 kobolds
  2 quokkas
  7 ball pythons
  6 bats
  4 frilled lizards
  26 rats
101 creatures vanquished.

Vanquished Creatures (others)
  8 toadstools (D:4)
8 creatures vanquished.

Grand Total: 109 creatures vanquished

Notes
Turn   | Place    | Note
-------+----------+-------------------------------------------
     0 | D:1      | wingedge the Hill Orc Fighter began the quest for the Orb.
     0 | D:1      | Reached XP level 1. HP: 19/19 MP: 1/1
    15 | D:1      | Found a faded altar of an unknown god.
   186 | D:1      | Reached skill level 4 in Fighting
   196 | D:1      | Reached XP level 2. HP: 23/27 MP: 2/2
   487 | D:1      | Found Dyzaly Riur's Assorted Antiques.
  1093 | D:1      | Reached XP level 3. HP: 31/35 MP: 3/3
  1184 | D:2      | Reached skill level 5 in Fighting
  1262 | D:2      | Reached skill level 1 in Dodging
  1341 | D:2      | Reached XP level 4. HP: 42/42 MP: 4/4
  2269 | D:3      | Reached skill level 1 in Throwing
  2315 | D:3      | Found Poicw's Weapon Shoppe.
  2434 | D:3      | Found a sparkling altar of Nemelex Xobeh.
  2528 | D:3      | Reached XP level 5. HP: 50/50 MP: 5/5
  2794 | D:3      | Noticed Natasha
  2805 | D:3      | Killed Natasha
  2806 | D:3      | Reached skill level 6 in Fighting
  3579 | D:4      | Reached XP level 6. HP: 33/58 MP: 6/6
  3808 | D:4      | Mangled by an ogre

Illustrated notes

Levels and vault maps discovered:
D:1:      dpeg_arrival_connections, layout_basic, serial_shops, shop,
          shapermc_ecumenical_altar_venn, minmay_misc_feat_encased,
          grunt_decor_fettered
D:2:      minmay_chambers_of_twos, layout_basic, kennysheep_generic_room_16
D:3:      layout_basic, general_overflow_altar, serial_shops,
          nicolae_shop_trees, st_stairs_3, minmay_misc_feat_tiny,
          kennysheep_flooded_box, nicolae_concentric_dashed_squares_mild,
          minivault_24, minivault_24, item_on_display_a, uniq_natasha
D:4:      cheibrodos_fertilizer, layout_loops_ring, lemuel_round_altar,
          enter_ossuary_1, minmay_liquid_box, minmay_rat_hole

Skill      XL: |  1  2  3  4  5 |
---------------+----------------+-----
Fighting       | 4 5 6 |  6.8
Axes           | 3 |  3.0
Dodging        | 1 |  1.0
Throwing       | 1 2 |  2.9
Armour         | |  3.2
Shields        | |  3.2

Action                   |  1- 3 |  4- 6 || total
-------------------------+-------+-------++-------
Melee: War axe           |   101 |   207 ||   308
Throw: Javelin           |       |     5 ||     5
  Use: Scroll            |       |     6 ||     6
Armor: Scale mail        |    53 |    30 ||    83
       Plate armour      |       |    29 ||    29
       Chain mail        |       |    38 ||    38
Dodge: Dodged            |    43 |    74 ||   117
Block: Buckler           |    17 |    42 ||    59
